 Dungeon Crawl Stone Soup version 0.23.2-33-g5129a83184 (webtiles) character file.

Game seed: 2187287380262395541

39 microfolk the Sneak (level 3, 0/21 HPs)
             Began as an Octopode Ice Elementalist on July 9, 2019.
             Succumbed to an adder's poison
             ... on level 2 of the Dungeon.
             The game lasted 00:04:40 (1434 turns).

microfolk the Sneak (Octopode Ice Elementalist)     Turns: 1434, Time: 00:04:40

Health: 0/21       AC:  1    Str:  7    XL:     3   Next: 47%
Magic:  2/6        EV: 14    Int: 18    God:
Gold:   58         SH:  0    Dex: 12    Spells: 3/6 levels left

rFire    . . .     SeeInvis .   a - +1 dagger
rCold    . . .     Gourm    .   (no shield)
rNeg     . . .     Faith    .   (helmet restricted)
rPois    .         Spirit   .   (no amulet)
rElec    .         Reflect  .   (no ring)
rCorr    .         Harm     .   (no ring)
MR       .....                  (no ring)
Stlth    +++.......             (no ring)
HPRegen  0.07/turn              (no ring)
MPRegen  0.10/turn              (no ring)
                                (no ring)
                                (no ring)

@: lethally poisoned (0 -> -3), very slightly contaminated, hasted, very quick
A: almost no armour, stealthy swim, amphibious, 8 rings, constrict 8, camouflage
1, gelatinous body 1
a: no special abilities


You were on level 2 of the Dungeon.
You were not hungry.

You visited 1 branch of the dungeon, and saw 2 of its levels.

You collected 58 gold pieces.

Inventory:

Hand Weapons
 a - a +1 dagger (weapon)
 h - a +0 hunting sling
Missiles
 c - 67 sling bullets
 g - 39 stones (quivered)
Scrolls
 m - a scroll of fear
Comestibles
 b - 3 rations
 i - 4 chunks of flesh


   Skills:
 + Level 2.6 Dodging
 + Level 3.8 Stealth
 - Level 2.0 Spellcasting
 - Level 1.0 Conjurations
 + Level 3.4 Ice Magic


You had 3 spell levels left.
You knew the following spells:

 Your Spells              Type           Power        Failure   Level  Hunger
a - Freeze                Ice            ##..         4%          1    #......
b - Throw Frost           Conj/Ice       #.....       11%         2    ###....

Your spell library contained the following spells:

 Spells                   Type           Power        Failure   Level  Hunger
 Ozocubu's Armour         Chrm/Ice       #.......     26%         3    ###....
 Throw Icicle             Conj/Ice       #.......     56%         4    #####..
 Summon Ice Beast         Ice/Summ       #.......     65%         4    #####..


Dungeon Overview and Level Annotations

Branches:
Dungeon (2/15)

Altars:


Innate Abilities, Weirdness & Mutations

You cannot wear most types of armour.
You are very stealthy in the water. (Stealth+)
You are amphibious.
You can wear up to eight rings at the same time.
You can use your tentacles to constrict eight enemies at once.
Your skin changes colour to match your surroundings (Stealth+).
Your rubbery body absorbs attacks. (AC +1, EV +1)


Message History

You hear a shout!
Blink to where?
Press: ? - help, Dir - move target cursor
As you read the scroll labeled CIUMUN OL NOI, it crumbles to dust.
It was a scroll of blinking.
As you read the scroll labeled XITEKHL APPI, it crumbles to dust.
It is a scroll of identify.
m - a scroll of fear
As you read the scroll labeled YNIYSE RATI, it crumbles to dust.
It is a scroll of enchant weapon.
Your +0 dagger glows red for a moment.
* * * LOW HITPOINT WARNING * * *
You feel sick.
* * * LOW HITPOINT WARNING * * *
You feel sick.
* * * LOW HITPOINT WARNING * * *
You feel sick.
* * * LOW HITPOINT WARNING * * *
You feel sick.
You die...

. #.......# #.......# #.#...#.#
#.......# ####.#### #. #.#
##.### #.# ####### #
....########.# ......######
#.#.#........#@# # #.......
.S#.#.#..##......# #.
####..####. ............##.###
#.##.......##. #.#....# #.#
#[...##..#.##.
#......#####.#####.............
#####...)<...##.......#########
#...########.##.##.# #...#
#.##.# #...# # #.##.#


There were no monsters in sight!

Vanquished Creatures
  An adder (D:2)
  A ball python (D:2)
  4 bats
  3 giant cockroaches (D:2)
  5 goblins (D:1)
  2 hobgoblins
  2 jackals (D:1)
  2 kobolds
  3 frilled lizards
  4 rats
27 creatures vanquished.

Notes
Turn   | Place    | Note
-------+----------+-------------------------------------------
     0 | D:1      | microfolk the Octopode Ice Elementalist began the quest for
                  | the Orb.
     0 | D:1      | Reached XP level 1. HP: 11/11 MP: 3/3
   325 | D:1      | Reached XP level 2. HP: 16/17 MP: 0/5
   333 | D:1      | Learned a level 2 spell: Throw Frost
  1278 | D:2      | Reached XP level 3. HP: 21/21 MP: 1/6
  1428 | D:2      | HP: 1/21 [poisoned by an adder]
  1434 | D:2      | Succumbed to an adder's poison

Skill      XL: |  1 |
---------------+----+-----
Stealth        | 3 |  3.8
Dodging        | |  2.6
Spellcasting   | |  2.0
Conjurations   | |  1.0
Ice Magic      | |  3.4

Action                   || total
-------------------------++-------
Melee: Dagger            ||    16
       Constrict         ||     6
       Tentacles         ||     2
Throw: Stone             ||    22
 Cast: Freeze            ||    30
       Throw Frost       ||     6
  Use: Scroll            ||     6
       Potion            ||     1
 Stab: Sleeping          ||     2
  Eat: Chunk             ||     2
Armor: Skin              ||     4
Dodge: Dodged            ||    20
